 Dungeon Crawl Stone Soup version 0.28.0-45-g0d030f2227 (webtiles) character file.

Game seed: 2990786328224093141

519 Icepheonix32 the Covered (level 7, -7/54 HPs)
             Began as a Demonspawn Fighter on Apr 13, 2022.
             Mangled by a worm (8 damage)
             ... on level 4 of the Dungeon.
             The game lasted 00:07:57 (4194 turns).

Icepheonix32 the Covered (Demonspawn Fighter)       Turns: 4194, Time: 00:07:58

Health: -7/54      AC:  7    Str: 16 (19) XL:     7   Next: 1%
Magic:  7/7        EV: 10    Int:  7 (9)  God:
Gold:   103        SH:  9    Dex: 11 (12) Spells: 4/6 levels left

rFire   + . .      SeeInvis +   v - +2 dagger (venom)
rCold   + . .      Faith    .   c - +1 buckler
rNeg    . . .      Spirit   .   b - +0 scale mail
rPois   +          Reflect  .   (helmet restricted)
rElec   +          Harm     .   (no cloak)
rCorr   +          Rampage  .   (no gloves)
Will    +....                   (no boots)
Stlth   ..........              (no amulet)
HPRegen 0.18/turn               h - ring of see invisible
MPRegen 0.10/turn               i - ring of willpower

@: brilliant, resistant, on berserk cooldown, slowed, very slow
A: antennae 2, sturdy frame 1, condensation shield
a: no special abilities


You were on level 4 of the Dungeon.
You visited 1 branch of the dungeon, and saw 4 of its levels.
You also visited: Sewer.

You collected 103 gold pieces.

Inventory:

Hand Weapons
 a - a +0 long sword
 v - a +2 dagger of venom (weapon)
Missiles
 u - a boomerang (quivered)
 w - 3 poisoned darts
Armour
 b - a +0 scale mail (worn)
 c - a +1 buckler (worn)
 l - a +0 ring mail
 t - a +0 troll leather armour {Pargi}
Jewellery
 h - a ring of see invisible (left hand)
 i - a ring of willpower (right hand)
Wands
 y - a wand of iceblast (1)
 A - a wand of polymorph (9)
Scrolls
 e - a scroll of fog
 f - a scroll of vulnerability
 g - a scroll of enchant weapon {unknown}
 m - a scroll of identify
 q - a scroll of blinking {unknown}
 r - 4 scrolls of immolation
 s - a scroll of magic mapping {unknown}
 x - a scroll of enchant armour
 z - a scroll of amnesia {unknown}
Potions
 j - a potion of brilliance
 k - a potion of resistance
 p - a potion of magic


   Skills:
 + Level 4.2 Fighting
 + Level 0.3(1.5) Short Blades
 - Level 2.4 Long Blades
 * Level 5.1 Armour
 + Level 2.0 Dodging
 + Level 0.5 Stealth
 * Level 3.9 Shields


You had 4 spell levels left.
You knew the following spells:

 Your Spells              Type           Power      Damage    Failure   Level
a - Wereblood             Tmut           0%         N/A       89%         2

Your spell library contained the following spells:

 Spells                   Type           Power      Damage    Failure   Level
 Beastly Appendage        Tmut           0%         N/A       78%         1
 Sublimation of Blood     Necr           0%         N/A       89%         2
 Spider Form              Tmut/Pois      0%         N/A       98%         3
 Hailstorm                Conj/Ice       0%         3d3       100%        4
 Ice Form                 Ice/Tmut       0%         N/A       100%        4
 Simulacrum               Ice/Necr       0%         N/A       100%        6
 Summon Hydra             Summ           0%         N/A       100%        7


Dungeon Overview and Level Annotations

Branches:
Dungeon (4/15)              Sewer (visited)
 Temple: D:4-7

Altars:
Cheibriados


Innate Abilities, Weirdness & Mutations

You have a pair of antennae on your head.
Your movements are slightly less encumbered by armour. (ER -2)
A meltable shield of frost defends you. (SH +4)


Message History

Unknown command.
You hit the water moccasin skeleton.
The water moccasin skeleton is heavily damaged.
You block the water moccasin skeleton's attack.
It was a potion of degeneration.
There was something very wrong with that liquid.
You feel weakened.
You feel dopey.
You feel clumsy.
The water moccasin skeleton closely misses you.
It was a potion of brilliance.
You feel clever all of a sudden.
A kobold comes into view. It is wielding a +0 club.
It was a potion of resistance.
You feel protected.
The kobold shouts!
You block the worm's attack.
The kobold throws a stone.
You block the stone.
Unknown command.
You barely miss the worm. You block the worm's attack.
Unknown command.
You hit the worm.
The worm is poisoned.
The worm is lightly wounded.
The kobold throws a stone.
The stone hits you but does no damage. The worm bites you but does no damage.
You barely miss the kobold. You block the kobold's attack. The worm bites you.
* * * LOW HITPOINT WARNING * * *
Unknown command.
Okay, then.
As you read the scroll labelled SUIJIASTONT, it crumbles to dust.
It is a scroll of identify.
Really abort (and waste the scroll)? [Y]es or [N]o only, please.
Really abort (and waste the scroll)? [Y]es or [N]o only, please.
Really abort (and waste the scroll)? [Y]es or [N]o only, please.
Really abort (and waste the scroll)?
r - 4 scrolls of immolation The kobold hits you with a +0 club.
* * * LOW HITPOINT WARNING * * *
The kobold barely misses you. The worm bites you!
You die...

... ... . #.###
.. .###.#(.# ..
....#...# .# .
#..##..K .# ..#
#...##K'#.#'.#
#....###...###..
#....K@wZ8......
##...###...###..
#..## '#.#'.#
#.## .#.#...# #.#
.##.##...# #.#
##...##.!#
#.####.....####.#
#...............#
####............#


You could see a worm (very poisoned), a bullfrog zombie and a kobold.

Vanquished Creatures
  Pargi (Sewer)
  An ogre (D:4)
  A kobold brigand (D:4)
  A howler monkey (D:4)
  An orc priest (D:3)
  An iguana (D:4)
  2 orc wizards (D:3)
  A gnoll (D:1)
  3 adders
  A worm (D:3)
  2 adder skeletons (D:3)
  12 orcs
  6 endoplasms
  7 giant cockroaches
  9 goblins
  3 hobgoblins
  4 jackals (D:3)
  7 kobolds
  4 quokkas
  2 ball pythons (Sewer)
  3 bats
  4 frilled lizards
  A giant cockroach zombie (D:3)
  A jackal zombie (D:3)
  4 rats
82 creatures vanquished.

Notes
Turn   | Place    | Note
-------+----------+-------------------------------------------
     0 | D:1      | Icepheonix32 the Demonspawn Fighter began the quest for the
                  | Orb.
     0 | D:1      | Reached XP level 1. HP: 18/18 MP: 1/1
   261 | D:1      | Gained mutation: You have a pair of small antennae on your
                  | head. [demonic ancestry]
   261 | D:1      | Reached XP level 2. HP: 19/24 MP: 2/2
   750 | D:1      | Reached skill level 3 in Armour
   992 | D:2      | Gained mutation: Your movements are slightly less
                  | encumbered by armour. (ER -2) [demonic ancestry]
   992 | D:2      | Reached XP level 3. HP: 19/29 MP: 3/3
  2082 | D:3      | Learned a level 2 spell: Wereblood
  2369 | D:3      | Reached XP level 4. HP: 26/35 MP: 4/4
  2383 | D:3      | HP: 1/35 [rat (1)]
  2425 | D:3      | Found a glowing drain.
  2438 | Sewer    | Entered a sewer
  2773 | Sewer    | Reached skill level 1 in Dodging
  2929 | Sewer    | Noticed Pargi
  2942 | Sewer    | Killed Pargi
  2943 | Sewer    | Reached skill level 4 in Armour
  2943 | Sewer    | Reached XP level 5. HP: 25/42 MP: 5/5
  3246 | D:3      | Found a faded altar of an unknown god.
  3524 | D:3      | Gained mutation: A meltable shield of frost defends you.
                  | (SH +4) [demonic ancestry]
  3524 | D:3      | Reached XP level 6. HP: 27/48 MP: 6/6
  3717 | D:3      | Found a snail-covered altar of Cheibriados.
  4172 | D:4      | Reached skill level 5 in Armour
  4175 | D:4      | Gained mutation: You have a pair of antennae on your head.
                  | [demonic ancestry]
  4175 | D:4      | Reached XP level 7. HP: 6/54 MP: 7/7
  4194 | D:4      | HP: 1/54 [kobold/+0 club (3)]
  4194 | D:4      | Mangled by a worm

Illustrated notes

Levels and vault maps discovered:
D:1:      dpeg_arrival_solitude, layout_basic, serial_bayou_ford_a
D:2:      layout_basic
D:3:      layout_loops_ring, general_overflow_altar,
          ebering_ecumenical_altar_abandoned, serial_undead, serial_undead_c,
          serial_undead_c, serial_undead_e, serial_undead_d,
          portal_sewer_entry_f
D:4:      cheibrodos_barr_body, layout_basic, minmay_temple_entry_from_below_a,
          uniq_eustachio, uniq_blork_the_orc

Skill      XL: |  1  2  3  4  5  6 |
---------------+-------------------+-----
Long Blades    | 2 |  2.4
Armour         | 3 4 5 |  5.1
Shields        | 3 |  3.9
Dodging        | 1 2 |  2.0
Fighting       | 4 |  4.2
Short Blades   | |  0.3
Stealth        | |  0.5

Action                   |  1- 3 |  4- 6 |  7- 9 || total
-------------------------+-------+-------+-------++-------
Melee: Long sword        |   101 |   172 |       ||   273
       Dagger            |       |    27 |    14 ||    41
  Use: Potion            |     1 |     4 |     4 ||     9
       Scroll            |     4 |       |     1 ||     5
 Stab: Distracted        |       |     1 |       ||     1
Armor: Scale mail        |    46 |    75 |     4 ||   125
       Troll leather arm |       |     9 |       ||     9
Dodge: Dodged            |    37 |   111 |     6 ||   154
Block: Buckler           |    23 |    73 |     6 ||   102
